 Dungeon Crawl Stone Soup version 0.31-a0-819-gf6de2f5ab6 (webtiles) character file.

Game seed: 11413026682336879186

66 Shayle the Ducker (level 4, 0/41 HPs)
             Began as an Ogre Hexslinger on Sept 24, 2023.
             Slain by a scorpion (2 damage)
             ... on level 3 of the Dungeon.
             The game lasted 00:04:44 (1345 turns).

Shayle the Ducker (Ogre Hexslinger)                 Turns: 1345, Time: 00:04:45

Health: 0/41       AC:  3    Str: 12    XL:     4   Next: 15%
Magic:  5/5        EV: 10    Int: 14    God:
Gold:   61         SH:  0    Dex: 13    Spells: 5/5 levels left

rFire   . . .        a - +1 sling
rCold   . . .        (no shield)
rNeg    . . .        c - +0 robe
rPois   .            (helmet restricted)
rElec   .            (no cloak)
rCorr   .            (gloves unavailable)
SInv    .            (boots unavailable)
Will    .....        (no amulet)
Stlth   +            (no ring)
HPRegen 0.26/turn    (no ring)
MPRegen 0.09/turn

%: no passive effects
@: weak-willed, enlightened, flying
A: large, unfitting armour, tough skin 1
a: no special abilities


You were on level 3 of the Dungeon.
You visited 1 branch of the dungeon, and saw 3 of its levels.

You collected 81 gold pieces.
You spent 20 gold pieces at shops.

Inventory:

Hand Weapons
 a - a +1 sling (weapon)
 f - a +1 heavy flail
Armour
 c - a +0 robe (worn)
Scrolls
 d - a scroll of enchant weapon {unknown}
 g - a scroll of identify {unknown}


   Skills:
 - Level 1.3 Fighting
 - Level 1.3 Ranged Weapons
 + Level 3.0 Dodging
 + Level 2.2 Unarmed Combat
 - Level 1.2 Spellcasting
 - Level 2.6 Hexes
 - Level 0.8 Fire Magic


You had 5 spell levels left.
You didn't know any spells.
Your spell library contained the following spells:

 Spells                   Type           Power      Damage    Failure   Level
 Jinxbite                 Hex            16%        N/A       13%         2
 Magic Dart               Conj           0%         1d3       26%         1
 Sigil of Binding         Hex            8%         N/A       26%         3
 Searing Ray              Conj           0%         2d4       36%         2
 Inner Flame              Hex/Fire       5%         N/A       36%         3
 Cause Fear               Hex            4%         N/A       65%         4
 Dimensional Bullseye     Hex/Tloc       2%         N/A       83%         4
 Fulminant Prism          Conj/Hex       2%         3d5       83%         4


Dungeon Overview and Level Annotations

Branches:
Dungeon (3/15)

Altars:

Shops:
D:1 (*(!   D:2 *

Annotations:
D:1 1 transporter
D:2 1 runed translucent door, Crazy Yiuf, Sigmund
D:3 Grinder


Innate Abilities, Weirdness & Mutations

You are too large for most types of armour.
You have tough skin. (AC +1)


Message History

You are poisoned.
The scorpion poisons you! The hobgoblin barely misses you.
You shoot a sling bullet. The sling bullet hits the scorpion.
The scorpion is severely wounded.
You feel very sick. The scorpion closely misses you.
The hobgoblin hits you but does no damage.
The scorpion closely misses you.
You shoot a sling bullet. The sling bullet hits the scorpion.
The scorpion is severely wounded.
You feel sick. The scorpion stings you.
The hobgoblin hits you but does no damage.
You shoot a sling bullet.
The sling bullet closely misses the scorpion.
You feel sick. The scorpion stings you. The hobgoblin closely misses you.
The scorpion stings you.
* * * LOW HITPOINT WARNING * * *
The hobgoblin hits you.
* * * LOW HITPOINT WARNING * * *
You shoot a sling bullet. The sling bullet hits the scorpion.
The scorpion is almost dead.
You feel sick. The scorpion barely misses you. The hobgoblin hits you.
* * * LOW HITPOINT WARNING * * *
The scorpion stings you.
* * * LOW HITPOINT WARNING * * *
Unknown command.
Search for what [? for help]? shop You shoot a sling bullet.
The sling bullet barely misses the scorpion.
You feel sick.
You are no longer poisoned.
The scorpion stings you.
* * * LOW HITPOINT WARNING * * *
The hobgoblin barely misses you.
Okay, then.
It was a potion of enlightenment.
You feel very buoyant.
You fly up into the air.
The scorpion barely misses you. The hobgoblin barely misses you.
The scorpion stings you.
You die...

############
#..........#
#..........#
#..........#
#..$@......#
#...sg.....#
#..........#
#..........#
............#
.............#
..............#
.....>...$..###


You could see a scorpion and a hobgoblin.

Vanquished Creatures
  Robin (D:2)
  An adder (D:2)
  5 endoplasms
  2 giant cockroaches (D:1)
  6 goblins
  5 hobgoblins
  4 quokkas
  5 ball pythons
  3 bats
  5 kobolds
  4 rats (D:1)
41 creatures vanquished.

Notes
Turn   | Place    | Note
-------+----------+-------------------------------------------
     0 | D:1      | Shayle the Ogre Hexslinger began the quest for the Orb.
     0 | D:1      | Reached XP level 1. HP: 19/19 MP: 2/2
    24 | D:1      | Found Xonn's Weapon Shoppe.
    29 | D:1      | Found Tioceischa's Distillery.
    63 | D:1      | Bought 2 potions of degeneration for 20 gold pieces
    75 | D:1      | Reached skill level 2 in Dodging
   112 | D:1      | Reached XP level 2. HP: 23/27 MP: 3/3
   135 | D:1      | Reached skill level 1 in Unarmed Combat
   168 | D:1      | Found Venux's Assorted Antiques.
   483 | D:1      | Found Hupiskyca's Antique Weapon Boutique.
   842 | D:2      | Reached XP level 3. HP: 31/33 MP: 4/4
   880 | D:2      | Found Xocwouk's General Store.
   881 | D:2      | Noticed Sigmund
   907 | D:2      | Found a runed translucent door.
   908 | D:2      | Noticed Crazy Yiuf
  1072 | D:2      | Noticed Robin
  1106 | D:2      | Killed Robin
  1202 | D:2      | Reached XP level 4. HP: 41/41 MP: 5/5
  1268 | D:3      | Reached skill level 3 in Dodging
  1294 | D:3      | Noticed Grinder
  1321 | D:3      | Noticed a scorpion
  1344 | D:3      | HP: 2/41 [poisoned by a scorpion]
  1345 | D:3      | Slain by a scorpion

Illustrated notes

Levels and vault maps discovered:
D:1:      spicycebolla_arrival_risky_transporter, layout_basic, serial_shops,
          nicolae_shop_temple_entry_statues_fountains, shop,
          nicolae_shop_window_shopping, nicolae_shop_tiny_waterfront
D:2:      layout_basic, serial_shops, nicolae_shop_gibbet_a_chance, uniq_robin,
          uniq_sigmund, uniq_crazy_yiuf_cottage
D:3:      layout_basic, uniq_grinder

Skill      XL: |  1  2  3  4 |
---------------+-------------+-----
Dodging        | 2 3 |  3.0
Unarmed Combat | 1 2 |  2.2
Fighting       | |  1.3
Ranged Weapons | |  1.3
Spellcasting   | |  1.2
Hexes          | |  2.6
Fire Magic     | |  0.8

Action                     |  1- 3 |  4- 6 || total
---------------------------+-------+-------++-------
   Fire: Sling             |   141 |    37 ||   178
    Use: Potion            |     1 |     2 ||     3
         Scroll            |       |     5 ||     5
 Armour: Robe              |    50 |    28 ||    78
  Dodge: Dodged            |    42 |    17 ||    59

Table legend: (Time is in decaauts)
 A = Elapsed time spent in this place.
 B = Non-inter-level travel time spent in this place.
 C = Inter-level travel time spent in this place.
 D = Time resting spent in this place.
 E = Time spent auto-exploring this place.
 F = Levels seen in this place.
 G = Mean time per level.
                   A        B        C        D        E       F      G
               +--------+--------+--------+--------+--------+-----+--------+
         Total |   1405 |   1343 |     62 |    114 |    690 |   3 |  468.3 |
       Dungeon |   1405 |   1343 |     62 |    114 |    690 |   3 |  468.3 |
               +--------+--------+--------+--------+--------+-----+--------+

Top non-repeatable levels by time:
     D:1: 829 daAuts
     D:2: 451 daAuts
     D:3: 124 daAuts
